 Dungeon Crawl Stone Soup version 0.28.0-43-g3370ac3207 (webtiles) character file.

Game seed: 1343316695823538526

4 jimonade the Protected (level 1, 0/13 HPs)
             Began as a Gnoll Wanderer on Mar 17, 2022.
             Slain by a jackal (2 damage)
             ... on level 1 of the Dungeon.
             The game lasted 00:00:27 (23 turns).

jimonade the Protected (Gnoll Wanderer)               Turns: 23, Time: 00:00:28

Health: 0/13       AC:  7    Str: 11    XL:     1   Next: 60%
Magic:  4/4        EV: 11    Int: 12    God:
Gold:   0          SH:  0    Dex: 10    Spells: 5/5 levels left

rFire   . . .      SeeInvis .     - Unarmed
rCold   . . .      Faith    .   (no shield)
rNeg    . . .      Spirit   .   c - +0 ring mail
rPois   .          Reflect  .   (no helmet)
rElec   .          Harm     .   (no cloak)
rCorr   .          Rampage  .   (no gloves)
Will    .....                   (no boots)
Stlth   ..........              (no amulet)
HPRegen 0.04/turn               (no ring)
MPRegen 0.09/turn               (no ring)

@: no status effects
A: fangs 1, strong nose, distributed training
a: no special abilities


You were on level 1 of the Dungeon.
You visited 1 branch of the dungeon, and saw 1 of its levels.

Inventory:

Hand Weapons
 a - a +0 club
Armour
 c - a +0 ring mail (worn)
Scrolls
 b - a scroll of teleportation
 d - 2 scrolls of blinking


   Skills:
 + Level 0.1 Fighting
 + Level 0.1 Short Blades
 + Level 0.1 Long Blades
 + Level 0.1 Axes
 + Level 0.1 Maces & Flails
 + Level 0.1 Polearms
 + Level 0.1 Staves
 + Level 0.1 Slings
 + Level 0.1 Bows
 + Level 0.1 Crossbows
 + Level 0.1 Throwing
 + Level 10.4 Armour
 + Level 2.4 Dodging
 + Level 0.1 Stealth
 + Level 0.1 Shields
 + Level 4.4 Unarmed Combat
 + Level 2.6 Spellcasting
 + Level 0.1 Conjurations
 + Level 0.1 Hexes
 + Level 0.1 Summonings
 + Level 0.1 Necromancy
 + Level 0.1 Translocations
 + Level 0.1 Transmutations
 + Level 0.1 Fire Magic
 + Level 0.1 Ice Magic
 + Level 0.1 Air Magic
 + Level 0.1 Earth Magic
 + Level 0.1 Poison Magic
 + Level 0.2 Invocations
 + Level 2.4 Evocations


You had 5 spell levels left.
You didn't know any spells.
Your spell library was empty.

Dungeon Overview and Level Annotations

Branches:
Dungeon (1/15)

Altars:


Innate Abilities, Weirdness & Mutations

You have very sharp teeth.
Your uncanny sense of smell can sniff out nearby items.
Your experience applies equally to all skills.


Message History

The jackal is moderately wounded.
The jackal barely misses you. x2
The jackal bites you but does no damage.
The rat bites you but does no damage.
The jackal bites you but does no damage.
You hit the jackal but do no damage.
The jackal is moderately wounded.
The jackal bites you. The jackal closely misses you.
The rat bites you but does no damage.
The jackal bites you but does no damage.
The jackal barely misses you.
You hit the jackal.
You kill the jackal!
The jackal misses you. The jackal bites you. The rat closely misses you.
The jackal barely misses you.
The jackal bites you but does no damage.
You are too injured to fight recklessly!
You are too injured to fight recklessly!
You are too injured to fight recklessly!
You are too injured to fight recklessly!
You are too injured to fight recklessly!
You are too injured to fight recklessly!
You are too injured to fight recklessly!
You hit the jackal.
You kill the jackal!
The jackal barely misses you. The rat bites you but does no damage.
The jackal closely misses you. The jackal barely misses you.
The rat closely misses you.
The jackal bites you but does no damage.
You see here a jackal corpse.
The jackal bites you.
* * * LOW HITPOINT WARNING * * *
The jackal bites you but does no damage.
You closely miss the jackal. The jackal barely misses you.
The jackal bites you but does no damage.
You closely miss the jackal. You punch the jackal. Your bite misses the jackal.
The jackal is moderately wounded.
The jackal bites you but does no damage.
The jackal barely misses you. The rat closely misses you. The jackal bites you.
You die...

∆......#.
........
......#
##.....#
##......#
##.....#
##..h.†#
##..@h.#
##....r##
##.....##
########....?##
.........>..##
..!....<...##
?........8..#
########.....#
##.....#


You could see 2 jackals and a rat.

Vanquished Creatures
  A hobgoblin (D:1)
  2 jackals (D:1)
3 creatures vanquished.

Notes
Turn   | Place    | Note
-------+----------+-------------------------------------------
     0 | D:1      | Reached skill level 10 in Armour
     0 | D:1      | jimonade the Gnoll Wanderer began the quest for the Orb.
     0 | D:1      | jimonade set off with the following items: a +0 club, a
                  | scroll of teleportation, a +0 ring mail, 2 scrolls of
                  | blinking
     0 | D:1      | Reached XP level 1. HP: 13/13 MP: 4/4
    23 | D:1      | Slain by a jackal

Illustrated notes

Levels and vault maps discovered:
D:1:      psy_arrival_spokes, layout_rooms, shapermc_ecumenical_altar_flowoftime

Skill      XL: | |
---------------+-+-----
Armour         | | 10.4
Fighting       | |  0.1
Short Blades   | |  0.1
Long Blades    | |  0.1
Axes           | |  0.1
Maces & Flails | |  0.1
Polearms       | |  0.1
Staves         | |  0.1
Slings         | |  0.1
Bows           | |  0.1
Crossbows      | |  0.1
Throwing       | |  0.1
Dodging        | |  2.4
Stealth        | |  0.1
Shields        | |  0.1
Unarmed Combat | |  4.4
Spellcasting   | |  2.6
Conjurations   | |  0.1
Hexes          | |  0.1
Summonings     | |  0.1
Necromancy     | |  0.1
Translocations | |  0.1
Transmutations | |  0.1
Fire Magic     | |  0.1
Ice Magic      | |  0.1
Air Magic      | |  0.1
Earth Magic    | |  0.1
Poison Magic   | |  0.1
Invocations    | |  0.2
Evocations     | |  2.4

Action                   || total
-------------------------++-------
Melee: Unarmed           ||    13
       Punch             ||     1
       Bite              ||     1
Armor: Ring mail         ||    16
Dodge: Dodged            ||    24
